 Dungeon Crawl Stone Soup version 0.31-a0-232-gb1c03b2570 (webtiles) character file.

Game seed: 11635262984121861207

117 qw the Shooter (level 4, -2/37 HPs)
             Began as a Minotaur Hexslinger on July 6, 2023.
             Slain by a gnoll
             ... wielding a +2 heavy spear
              (4 damage)
             ... on level 3 of the Dungeon.
             The game lasted 00:00:38 (1851 turns).

qw the Shooter (Minotaur Hexslinger)                Turns: 1851, Time: 00:00:38

Health: -2/37      AC:  3    Str: 13    XL:     4   Next: 71%
Magic:  4/4        EV: 12    Int: 10    God:
Gold:   182        SH:  0    Dex: 14    Spells: 4/5 levels left

rFire   . . .        Y - +2 sling
rCold   . . .        (no shield)
rNeg    . . .        g - +0 leather armour
rPois   .            (helmet restricted)
rElec   .            (no cloak)
rCorr   .            (no gloves)
SInv    .            (no boots)
Will    .....        f - amulet of faith
Stlth   +            (no ring)
HPRegen 0.26/turn    (no ring)
MPRegen 0.09/turn

%: faith
@: about to teleport
A: horns 2, retaliatory headbutt
a: no special abilities


You were on level 3 of the Dungeon.
You visited 1 branch of the dungeon, and saw 3 of its levels.

You collected 208 gold pieces.
You spent 26 gold pieces at shops.


Innate Abilities, Weirdness & Mutations

You have a pair of horns on your head.
You reflexively headbutt those who attack you in melee.


   Skills:
 + Level 2.4 Fighting
 - Level 5.1 Ranged Weapons
 - Level 2.1 Dodging
 - Level 1.0 Spellcasting
 - Level 2.0 Hexes


You had 4 spell levels left.
You knew the following spells:

 Your Spells              Type           Power      Damage    Failure   Level
a - Slow                  Hex            16%        N/A       19%         1

Your spell library contained the following spells:

 Spells                   Type           Power      Damage    Failure   Level
 Inner Flame              Hex/Fire       2%         N/A       65%         3
 Portal Projectile        Hex/Tloc       4%         N/A       65%         3
 Cause Fear               Hex            2%         N/A       88%         4

Inventory:

Hand Weapons
 Y - a +2 sling (weapon)
Armour
 g - a +0 leather armour (worn)
Jewellery
 f - an amulet of faith (around neck)
 j - an amulet of reflection
Scrolls
 b - 2 scrolls of identify
Potions
 e - a potion of berserk rage {unknown}
 h - a potion of attraction {unknown}
 i - a potion of lignification {unknown}

Dungeon Overview and Level Annotations

Branches:
Dungeon (3/15)

Altars:

Shops:
D:1 [=([(


Message History

The endoplasm is almost dead.
You shoot a sling bullet.
The sling bullet barely misses the endoplasm.
The sling bullet hits the gnoll!
The gnoll is severely wounded.
A gnoll comes into view. It is wielding a +2 heavy spear.
The endoplasm hits you.
You shoot a sling bullet. The sling bullet hits the endoplasm.
You kill the endoplasm!
You shoot a sling bullet. The sling bullet hits the gnoll!
You kill the gnoll!
The gnoll hits you from afar with a +0 spear!
You shoot a sling bullet. The sling bullet hits the gnoll.
The gnoll is moderately wounded.
The gnoll hits you from afar with a +0 spear.
You shoot a sling bullet. The sling bullet hits the endoplasm.
The endoplasm is lightly wounded.
The endoplasm closely misses you.
The gnoll hits you from afar with a +0 spear.
You shoot a sling bullet. The sling bullet hits the endoplasm.
The endoplasm is severely wounded.
The gnoll hits you from afar with a +2 heavy spear.
The endoplasm hits you but does no damage.
The gnoll hits you from afar with a +0 spear.
You shoot a sling bullet. The sling bullet hits the endoplasm.
You kill the endoplasm!
The gnoll hits you from afar with a +0 spear.
The gnoll barely misses you. The gnoll closely misses you.
You shoot a sling bullet. The sling bullet hits the gnoll.
The gnoll is severely wounded.
The gnoll completely misses you.
The gnoll hits you from afar with a +0 spear.
1850 ||| READING scroll of teleportation.
As you read the scroll of teleportation, it crumbles to dust.
You feel strangely unstable.
The gnoll hits you from afar with a +0 spear.
You shoot a sling bullet. The sling bullet hits the gnoll!
You kill the gnoll!
The gnoll hits you from afar with a +2 heavy spear.
You die...

#.. #.# ..# #.#
[.. #######.### .
.........g##...
.......@.)....#
.......).####..
.........#
.........#
###########...####
#.......# #......#
#.#####[# #......#
#.# #.# #......#
#.#####'###......#
.#


You could see a gnoll.

Vanquished Creatures
  An orc wizard (D:3)
  6 gnolls
  A worm (D:2)
  2 dart slugs
  4 orcs (D:3)
  4 endoplasms
  A giant cockroach (D:1)
  3 goblins
  4 kobolds
  2 ball pythons
  8 bats
  2 frilled lizards (D:1)
  A rat (D:1)
39 creatures vanquished.

Notes
Turn   | Place    | Note
-------+----------+-------------------------------------------
     0 | D:1      | qw the Minotaur Hexslinger began the quest for the Orb.
     0 | D:1      | Reached XP level 1. HP: 16/16 MP: 1/1
     0 | D:1      | 0 ||| qw: Version: 0.3-a-46-gb1f654a
     0 | D:1      | 0 ||| qw: Game counter: 1939
     0 | D:1      | 0 ||| qw: Melee chars always use a shield: true
     0 | D:1      | 0 ||| qw: God list: Okawaru
     0 | D:1      | 0 ||| qw: Allow faded altars: false
     0 | D:1      | 0 ||| qw: Do Orc after clearing Dungeon:15 true
     0 | D:1      | 0 ||| qw: Do second Lair branch before Depths: true
     0 | D:1      | 0 ||| qw: Lair rune preference: random
     0 | D:1      | 0 ||| qw: Goals: Normal
     0 | D:1      | 0 ||| PLANNING D:1-11
    17 | D:1      | Found Anerah's Armour Shoppe.
    26 | D:1      | 26 ||| SHOPLISTING +0 leather armour (22 gold, have 0).
    26 | D:1      | 26 ||| SHOPLISTING +0 leather armour of Abstinence {Str+4}
                  | (191 gold, have 0).
    26 | D:1      | 26 ||| SHOPLISTING +0 pair of gloves of hurling (126 gold,
                  | have 0).
    26 | D:1      | 26 ||| SHOPLISTING +2 troll leather armour (297 gold, have
                  | 0).
    43 | D:1      | Found Jutopak's Antique Weapon Emporium.
    52 | D:1      | 52 ||| SHOPLISTING glowing shortbow (144 gold, have 19).
    52 | D:1      | 52 ||| SHOPLISTING orcbow (84 gold, have 19).
    73 | D:1      | 73 ||| FLEEEEING.
    74 | D:1      | 74 ||| FLEEEEING.
    76 | D:1      | 76 ||| FLEEEEING.
   159 | D:1      | Reached skill level 3 in Ranged Weapons
   159 | D:1      | Reached XP level 2. HP: 23/23 MP: 2/2
   323 | D:1      | Found Yxkosuu's Armour Emporium.
   332 | D:1      | 332 ||| BUYING +0 leather armour (26 gold).
   332 | D:1      | Bought a +0 leather armour for 26 gold pieces
   332 | D:1      | 332 ||| SHOPLISTING +0 pair of gloves (58 gold, have 8).
   332 | D:1      | 332 ||| SHOPLISTING +0 ring mail (52 gold, have 8).
   332 | D:1      | 332 ||| SHOPLISTING +3 leather armour of Vexation {rElec
                  | rC+ Str+3} (575 gold, have 8).
   378 | D:1      | Found Luqal Sanie's Jewellery Emporium.
   454 | D:1      | 454 ||| SHOPLISTING amulet of reflection (300 gold, have
                  | 41).
   454 | D:1      | 454 ||| SHOPLISTING amulet of regeneration (300 gold, have
                  | 41).
   454 | D:1      | 454 ||| SHOPLISTING ring "Bemedd Ilepp" {Ice *Corrode rElec
                  | Str+5 Slay+2} (523 gold, have 41).
   454 | D:1      | 454 ||| SHOPLISTING ring of Qolih {rElec rPois} (340 gold,
                  | have 41).
   454 | D:1      | 454 ||| SHOPLISTING ring of positive energy (200 gold, have
                  | 41).
   454 | D:1      | 454 ||| SHOPLISTING ring of willpower (250 gold, have 41).
   470 | D:1      | Found Femosur's Antique Weapon Boutique.
   650 | D:1      | 650 ||| UPGRADING to +0 leather armour.
   660 | D:1      | 660 ||| DROPPING +0 robe.
   661 | D:1      | 661 ||| UPGRADING to amulet of faith.
   666 | D:1      | 666 ||| READING scroll labelled CUNITA YLLA.
   667 | D:1      | 667 ||| READING scroll labelled MURGHUU OFIU.
   670 | D:1      | 670 ||| DROPPING scroll of poison.
   990 | D:2      | Reached XP level 3. HP: 20/29 MP: 3/3
   994 | D:2      | Reached skill level 4 in Ranged Weapons
  1581 | D:2      | 1581 ||| READING scroll labelled WUUTSE CANN.
  1582 | D:2      | 1582 ||| READING scroll labelled VIOMPIHOZE.
  1686 | D:3      | 1686 ||| Stepping ~*~*~tactically~*~*~ (outnumbered).
  1701 | D:3      | Reached XP level 4. HP: 20/36 MP: 4/4
  1750 | D:3      | 1750 ||| FLEEEEING.
  1751 | D:3      | 1751 ||| FLEEEEING.
  1752 | D:3      | 1752 ||| FLEEEEING.
  1753 | D:3      | 1753 ||| FLEEEEING.
  1754 | D:3      | 1754 ||| FLEEEEING.
  1755 | D:3      | 1755 ||| FLEEEEING.
  1756 | D:3      | 1756 ||| FLEEEEING.
  1757 | D:3      | 1757 ||| FLEEEEING.
  1758 | D:3      | 1758 ||| FLEEEEING.
  1759 | D:3      | 1759 ||| FLEEEEING.
  1760 | D:3      | 1760 ||| FLEEEEING.
  1761 | D:3      | 1761 ||| FLEEEEING.
  1762 | D:3      | 1762 ||| FLEEEEING.
  1763 | D:3      | 1763 ||| FLEEEEING.
  1764 | D:3      | 1764 ||| FLEEEEING.
  1765 | D:3      | 1765 ||| FLEEEEING.
  1766 | D:3      | 1766 ||| FLEEEEING.
  1767 | D:3      | 1767 ||| FLEEEEING.
  1768 | D:3      | 1768 ||| FLEEEEING.
  1769 | D:3      | 1769 ||| FLEEEEING.
  1770 | D:3      | 1770 ||| FLEEEEING.
  1771 | D:3      | 1771 ||| FLEEEEING.
  1772 | D:3      | 1772 ||| FLEEEEING.
  1773 | D:3      | 1773 ||| FLEEEEING.
  1774 | D:3      | 1774 ||| FLEEEEING.
  1775 | D:3      | 1775 ||| FLEEEEING.
  1776 | D:3      | 1776 ||| FLEEEEING.
  1841 | D:3      | Reached skill level 5 in Ranged Weapons
  1849 | D:3      | HP: 5/37 [gnoll/+0 spear (5)]
  1850 | D:3      | 1850 ||| READING scroll of teleportation.
  1850 | D:3      | HP: 2/37 [gnoll/+0 spear (4)]
  1851 | D:3      | Slain by a gnoll

Levels and vault maps discovered:
D:1:      pf_arrival_petrified_forest, layout_basic, serial_shops, shop, shop,
          shop_coins, nicolae_shop_trees, nicolae_shop_peninsula
D:2:      layout_basic, minmay_misc_feat_roman
D:3:      layout_basic

Skill      XL: |  1  2  3  4 |
---------------+-------------+-----
Ranged Weapons | 3 4 5 |  5.1
Fighting       | 2 |  2.4
Dodging        | |  2.1
Spellcasting   | |  1.0
Hexes          | |  2.0

Action                     |  1- 3 |  4- 6 || total
---------------------------+-------+-------++-------
   Fire: Sling             |    78 |    37 ||   115
    Use: Scroll            |     4 |     1 ||     5
 Armour: Robe              |     1 |       ||     1
         Leather armour    |     7 |     3 ||    10
  Dodge: Dodged            |    23 |    14 ||    37

Table legend:
 A = Non-vault XP
 B = Vault XP
 C = Vault XP percentage of total XP
 D = Non-vault monster count
 E = Vault monster count
 F = Vault count percentage of total count
                 A         B        C        D         E       F
            +---------+---------+-------+---------+---------+-------
      Total |     183 |       0 |   0.0 |      39 |       0 |   0.0
            +---------+---------+-------+---------+---------+-------
        D:1 |      29 |       0 |   0.0 |      18 |       0 |   0.0
        D:2 |      58 |       0 |   0.0 |       9 |       0 |   0.0
        D:3 |      96 |       0 |   0.0 |      12 |       0 |   0.0
            +---------+---------+-------+---------+---------+-------
